Map: King's Cove LE

Players

pHARM

  • Race: Zerg Zerg
  • League: Platinum
  • Spawn Location: 11:00

rolch - Winner!

  • Race: Terran Terran
  • League: Platinum
  • Spawn Location: 5:00

VOD

Have the link to the VOD?

Description

Time

  • Played on: July 20, 2019, 11:51 a.m.
  • Length: 8:54
Show
View Real Time Build Order
Export as new Build Order

pHARM Zerg 

Build Orders: Hatch First 

Get SALT Encoding   

  12  0:01  Drone  
  13  0:12  Drone  
  14  0:18  Overlord  
  14  0:36  Drone x2  
  16  0:54  Hatchery  
  15  0:58  Drone  
  15  0:59  Drone  
  15  1:02  Drone  
  18  1:12  Extractor  
  17  1:19  Spawning Pool  
  17  1:23  Drone  
  17  1:24  Drone  
  18  1:35  Drone  
  19  1:41  Drone  
  20  1:52  Drone  
  21  2:03  Overlord  
  21  2:09  Zergling x2  
  21  2:10  Queen x2  
  26  2:28  Drone x3, Metabolic Boost  
  29  2:38  Drone x3  
  32  2:59  Lair  
  32  3:00  Overlord  
  32  3:01  Drone x3  
  33  3:33  Drone x9  
  42  3:43  Hatchery, Queen  
  43  4:06  Overlord x2  
  43  4:14  Baneling Nest  
  42  4:29  Drone x7  
  42  4:30  Spire  
  48  4:48  Extractor x2  
  46  4:55  Zergling x2  
  46  4:56  Zergling x16  
  55  5:04  Queen  
  57  5:25  Queen  
  54  5:29  Zergling x10  
  54  5:30  Zergling x4  
  57  5:36  Overlord x2  
  57  5:46  Zerg Flyer Weapons Level 1  
  50  6:18  Mutalisk x5  
  52  6:19  Overlord x3  
  52  6:20  Overlord  
  52  6:23  Extractor  
  59  6:44  Mutalisk x2  
  63  6:50  Zergling x10  
  63  6:51  Zergling x10  
  73  7:05  Zergling x10  
  68  7:31  Zergling x18  
  75  7:42  Baneling  
  75  7:43  Baneling x9  
  75  7:44  Zergling x14  
  75  7:45  Zergling x2  
  83  7:51  Zergling x6  
  51  8:20  Zergling x2  
  51  8:21  Zergling x8  
  50  8:29  Zergling x2  
  50  8:30  Zergling x12  
Show
View Real Time Build Order
Export as new Build Order

rolch Terran - Winner!

Build Orders: Gas First Reaper Expand 

Get SALT Encoding   

  12  0:12  SCV  
  13  0:22  Refinery  
  13  0:24  SCV  
  13  0:27  Supply Depot  
  14  0:36  SCV  
  16  0:50  SCV  
  16  0:52  Barracks  
  16  1:02  SCV  
  17  1:14  SCV  
  18  1:26  SCV  
  19  1:42  Orbital Command  
  19  1:45  Reaper  
  20  1:57  Command Center  
  20  2:09  Factory  
  20  2:15  SCV  
  20  2:19  Barracks Reactor  
  21  2:27  Supply Depot  
  21  2:29  SCV  
  22  2:30  Refinery  
  22  2:41  SCV  
  23  2:53  SCV  
  24  3:13  SCV  
  25  3:20  Hellion x2  
  25  3:22  Starport, Supply Depot  
  29  3:29  SCV  
  29  3:30  Orbital Command  
  30  3:34  Barracks Tech Lab  
  30  3:41  SCV  
  31  3:45  Hellion  
  31  3:46  Hellion, Supply Depot  
  35  3:55  SCV  
  36  3:56  Marine  
  37  4:03  SCV  
  37  4:06  Stimpack  
  37  4:07  SCV  
  39  4:10  Engineering Bay  
  39  4:19  Factory Tech Lab  
  39  4:21  Viking  
  39  4:23  Barracks  
  41  4:26  SCV x2  
  43  4:38  Marine  
  43  4:39  Siege Tank  
  47  4:47  SCV x2  
  47  4:48  Terran Infantry Weapons Level 1  
  49  4:55  Starport Reactor  
  49  4:56  Barracks  
  49  4:59  SCV x2  
  51  5:05  Marine  
  52  5:08  Supply Depot  
  52  5:11  SCV x2  
  52  5:12  Refinery  
  54  5:23  SCV  
  55  5:30  Marine  
  55  5:31  Siege Tank  
  59  5:48  Marine  
  60  5:55  Starport Reactor  
  54  6:06  Marine  
  54  6:09  Siege Tank  
  55  6:13  Combat Shield  
  55  6:21  Supply Depot  
  55  6:22  Marine x2  
  55  6:23  Marine  
  55  6:24  Refinery  
  58  6:29  Supply Depot  
  58  6:31  Marine x2  
  60  6:33  Medivac x2  
  60  6:34  SCV  
  60  6:35  SCV  
  60  6:39  Marine  
  66  6:41  Marine  
  66  6:42  Terran Infantry Armor Level 1  
  66  6:47  SCV x2  
  69  6:50  Marine x3  
  73  6:54  Siege Tank  
  73  6:59  SCV x2, Marine  
  73  7:00  Supply Depot  
  79  7:03  Medivac  
  81  7:11  SCV  
  81  7:12  Marine  
  81  7:13  Marine x3  
  86  7:18  Barracks  
  86  7:21  Marine, Barracks  
  87  7:24  Supply Depot  
  87  7:26  Supply Depot  
  84  7:32  Marine x4, Supply Depot  
  88  7:39  Missile Turret  
  88  7:40  Missile Turret, Marine  
  88  7:42  Siege Tank  
  88  7:43  Medivac x2  
  94  7:50  Marine x2  
  96  7:58  Marine x3  
  98  8:08  Marine x2  
  89  8:16  Marine x3  
  87  8:25  Marine x2  
  88  8:33  Marine  
  88  8:34  Marine x2  
Tags
 
Add a new tag
Caveats
  • Supply blocks, unpowered buildings, or Contaminate may cause inaccurate times.
  • Supply counts are checked every 10 seconds.